 Dungeon Crawl Stone Soup version 0.24.0-2-g5b39cebb1c (webtiles) character file.

Game seed: 6695895278345850049, levelgen mode: deterministic

107 xccam the Insei (level 4, -1/28 HPs)
             Began as an Octopode Transmuter on Oct 31, 2019.
             Killed by divine providence
             ... invoked by an orc priest
              (11 damage)
             ... on level 3 of the Dungeon.
             The game lasted 00:03:02 (2253 turns).

xccam the Insei (Octopode Transmuter)               Turns: 2253, Time: 00:03:03

Health: -1/28      AC:  1    Str: 10    XL:     4   Next: 86%
Magic:  7/7        EV: 13    Int: 15    God:
Gold:   113        SH:  0    Dex: 12    Spells: 4/7 levels left

rFire    + . .     SeeInvis .     - Unarmed
rCold    . . .     Gourm    .   (no shield)
rNeg     . . .     Faith    .   (helmet restricted)
rPois    .         Spirit   .   (no amulet)
rElec    .         Reflect  .   d - ring of protection from cold
rCorr    .         Harm     .   g - ring of fire
MR       .....                  (no ring)
Stlth    ++........             (no ring)
HPRegen  0.09/turn              (no ring)
MPRegen  0.10/turn              (no ring)
                                (no ring)
                                (no ring)

@: no status effects
A: almost no armour, stealthy swim, amphibious, 8 rings, constrict 8, camouflage
1, gelatinous body 1
a: no special abilities


You were on level 3 of the Dungeon.
You were not hungry.

You visited 1 branch of the dungeon, and saw 3 of its levels.

You collected 113 gold pieces.

Inventory:

Missiles
 a - 77 arrows
Jewellery
 d - a ring of protection from cold (left tentacle)
 g - a ring of fire (right tentacle)
Scrolls
 e - a scroll of immolation {unknown}
 h - 2 scrolls of identify {unknown}
 i - a scroll of blinking {unknown}
 j - a scroll of noise {unknown}
 n - a scroll of amnesia {unknown}
 p - a scroll of enchant armour {unknown}
Potions
 b - a potion of heal wounds {unknown}
 f - a potion of curing {unknown}
 k - a potion of flight {unknown}
 l - a potion of berserk rage {unknown}
 m - a potion of brilliance {unknown}
 o - a potion of haste {unknown}
 q - a potion of ambrosia {unknown}
Comestibles
 c - 10 rations


   Skills:
 - Level 1.0 Fighting
 - Level 2.3 Dodging
 - Level 0.2 Stealth
 + Level 5.1 Unarmed Combat
 - Level 2.0 Spellcasting
 - Level 2.1 Transmutations


You had 4 spell levels left.
You knew the following spells:

 Your Spells              Type           Power        Failure   Level  Hunger
a - Beastly Appendage     Tmut           #.....       9%          1    #......
b - Sticks to Snakes      Tmut           #.......     14%         2    ###....

Your spell library contained the following spells:

 Spells                   Type           Power        Failure   Level  Hunger
 Spider Form              Tmut/Pois      #.........   38%         3    ###....
 Ice Form                 Ice/Tmut       #.......     80%         4    #####..
 Blade Hands              Tmut           #.........   94%         5    ######.


Dungeon Overview and Level Annotations

Branches:
Dungeon (3/15)

Altars:
Fedhas
Qazlal


Innate Abilities, Weirdness & Mutations

You cannot wear most types of armour.
You are very stealthy in the water. (Stealth+)
You are amphibious.
You can wear up to eight rings at the same time.
You can use your tentacles to constrict eight enemies at once.
Your skin changes colour to match your surroundings (Stealth+).
Your rubbery body absorbs attacks. (AC +1, EV +1)


Message History

No target in view!
You now have 113 gold pieces (gained 10).
An orc comes into view. It is wielding a +0 dagger.
An orc and an orc priest come into view.
The orc priest shouts!
The orc shouts!
You hear a shout!
The orc shouts!
The orc priest begins to cast a cantrip, but forgets the words!
You hear a shout!
The orc closely misses you. The orc barely misses you.
Found a stone staircase leading down.
You tentacle-slap the orc priest. You grab the orc priest.
The orc priest is heavily wounded.
You constrict the orc priest.
An orc comes into view. It is wielding a +0 vampiric falchion.
The orc hits you with a +0 whip.
The orc priest invokes the aid of Beogh against you.
Beogh smites you! The orc completely misses you.
You release your grip on the orc priest.
The orc priest invokes the aid of Beogh against you.
Beogh smites you!
You die...

## .# # o#.#
#####.#.# #...
...# ###.###o..#
#....@oo..#
#.#..#....#
#####.##.#.#..#
#....†...#.#.....
#.....####.# .###
#.....# #.# >.
#.....# #.# ##
#.....####.#
#.....'....#


You could see an orc priest and 2 orcs.

Vanquished Creatures
  A hound skeleton (D:2)
  3 adders (D:2)
  An ooze (D:2)
  A dart slug (D:2)
  3 leopard geckos
  3 ball pythons
  3 giant cockroaches
  9 goblins
  7 hobgoblins
  6 bats
  6 frilled lizards
  10 kobolds
  4 rats
57 creatures vanquished.

Vanquished Creatures (collateral kills)
  A worm (D:2)
1 creature vanquished.

Vanquished Creatures (others)
  An adder (D:2)
  A bat (D:3)
2 creatures vanquished.

Grand Total: 60 creatures vanquished

Notes
Turn   | Place    | Note
-------+----------+-------------------------------------------
     0 | D:1      | xccam the Octopode Transmuter began the quest for the Orb.
     0 | D:1      | Reached XP level 1. HP: 13/13 MP: 3/3
   199 | D:1      | Reached XP level 2. HP: 13/18 MP: 5/5
   599 | D:1      | Learned a level 2 spell: Sticks to Snakes
   607 | D:1      | Reached XP level 3. HP: 12/23 MP: 6/6
  1048 | D:2      | Reached skill level 4 in Unarmed Combat
  1304 | D:2      | Reached XP level 4. HP: 25/28 MP: 7/7
  1344 | D:2      | Found a stormy altar of Qazlal.
  1352 | D:2      | Found a blossoming altar of Fedhas.
  1955 | D:2      | Reached skill level 5 in Unarmed Combat
  2253 | D:3      | Killed from afar by an orc priest

Levels and vault maps discovered:
D:1:      minmay_arrival_stone_box, layout_basic
D:2:      layout_basic, grunt_temple_overflow_forces_of_nature, first_ration,
          lemuel_flame_loot_1
D:3:      layout_basic, grunt_temple_overflow_order_and_chaos_1, uniq_sigmund,
          uniq_natasha, uniq_robin

Skill      XL: |  1  2  3  4 |
---------------+-------------+-----
Unarmed Combat | 4 5 |  5.1
Fighting       | |  1.0
Dodging        | |  2.3
Stealth        | |  0.2
Spellcasting   | |  2.0
Transmutations | |  2.1

Action                   |  1- 3 |  4- 6 || total
-------------------------+-------+-------++-------
Melee: Unarmed           |    99 |    36 ||   135
       Constrict         |    25 |     9 ||    34
       Tentacles         |    14 |    10 ||    24
       Punch             |     2 |       ||     2
       Kick              |     1 |       ||     1
 Cast: Beastly Appendage |     1 |       ||     1
       Sticks to Snakes  |       |     2 ||     2
 Stab: Sleeping          |     7 |       ||     7
  Eat: Chunk             |     1 |     3 ||     4
Armor: Skin              |    13 |     1 ||    14
Dodge: Dodged            |    68 |    21 ||    89
